Construct Section Command Post
Selects Indian Artillery Battlegroup
Construct Platoon Command Post
Unlock Bishop Self-propelled Artillery
Selects Towed ML 4.2-inch Heavy Mortar
Bishop Self-propelled Artillery
6-pounder Anti-tank Gun Team
Bishop Self-propelled Artillery
Selects Off-map Airburst Barrage
Selects Gurkha Rifles Section
Towed ML 4.2-inch Heavy Mortar
Construct Company Command Post
Selects BL5.5 Artillery Emplacement
Construct Company Command Post